[Event "Qatar Masters-B 2024"]
[Site "Doha"]
[Date "2024.12.10"]
[Round "7.1"]
[White "Shermuhammadov, Samandar"]
[Black "Alhassadi, Yousef A."]
[Result "0-1"]
[ECO "C00"]
[WhiteElo "2108"]
[BlackElo "2126"]
[Annotator "NA RC"]
[PlyCount "108"]
[EventDate "2024.11.24"]
[EventType "swiss"]
[EventCountry "QAT"]
[SourceTitle "playchess.com"]
[Source "ChessBase"]
[SourceQuality "1"]
[TimeControl "40/5400+30:1800+30"]

1. e4 c5 2. Nf3 e6 3. d3 d5 4. Nbd2 Nc6 5. g3 Nf6 6. Bg2 Be7 7. O-O O-O 8. a4 Qc7 9. Re1 b6 10. e5 Nd7 11. Qe2 a5 12. Nb1 Ba6 13. Bf4 c4 14. dxc4 Bxc4 15. Qd1 Ba6 16. Nc3 Nc5 17. Nb5 Qd7 18. Bf1 Na7 19. Nc3 Bxf1 20. Rxf1 b5 21. axb5 Nxb5 22. Nxb5 Qxb5 23. b3 Rfc8 24. Nd4 Qb4 25. Ne2 a4 26. bxa4 Nxa4 27. Qd3 Rab8 28. Rfb1 Qxb1+ 29. Rxb1 Rxb1+ 30. Kg2 Nc5 31. Qa3 Bf8 32. Nd4 Rbb8 33. Qf3 Rb4 34. c3 Rb2 35. Bc1 Ra2 36. Ne2 Ne4 37. Qd3 Bc5 38. f4 Nxc3 39. Qxc3 Rxe2+ 40. Kf3 Re4 41. Qd3 Bb4 42. Bb2 Rec4 43. Kg4 g6 44. Bd4 Bc3 45. Bxc3 Rxc3 46. Qd4 Kg7 47. Qb4 Rc2 48. h3 R2c7 49. Qd6 h6 50. Kh4 Rc4 51. Kg4 Rc3 52. Qd7 Rb8 53. Kh4 Rbb3 54. f5 Rb4+ 0-1

[Event "Qatar Masters-B 2024"]
[Site "Doha"]
[Date "2024.12.10"]
[Round "7.2"]
[White "Hong, Mingren"]
[Black "Mahmood Lodhi"]
[Result "1-0"]
[ECO "C97"]
[WhiteElo "1951"]
[BlackElo "2150"]
[Annotator "RC"]
[PlyCount "195"]
[EventDate "2024.11.24"]
[EventType "swiss"]
[EventCountry "QAT"]
[SourceTitle "playchess.com"]
[Source "ChessBase"]
[SourceQuality "1"]
[TimeControl "40/5400+30:1800+30"]

1. e4 e5 2. Nf3 Nc6 3. Bb5 a6 4. Ba4 Nf6 5. O-O Be7 6. Re1 b5 7. Bb3 d6 8. c3 O-O 9. h3 Na5 10. Bc2 c5 11. d4 Qc7 12. d5 Ne8 13. Nbd2 g6 14. b4 Nb7 15. a4 Rb8 16. axb5 axb5 17. Nb3 c4 18. Na5 Nd8 19. Bh6 Ng7 20. Qd2 Bd7 21. Kh1 f6 22. Nh2 Nf7 23. Be3 h5 24. f4 exf4 25. Bxf4 g5 26. Be3 Ne5 27. Rf1 g4 28. Bf4 Ra8 29. Qe2 Kf7 30. h4 Kg8 31. g3 Rf7 32. Rf2 Raf8 33. Raf1 Bd8 34. Be3 Qc8 35. Bd4 Qa8 36. Kg1 Bxa5 37. Ra1 Bc7 38. Rxa8 Rxa8 39. Qe3 Ra6 40. Kg2 Kh7 41. Qf4 Bd8 42. Be3 Kg8 43. Qh6 Be8 44. Bd4 Ra2 45. Qe3 Rb7 46. Bd1 Ra1 47. Be2 Bg6 48. Nf1 Ra6 49. Nd2 Kh7 50. Bd1 Ra1 51. Bc2 Rb8 52. Qf4 Rba8 53. Bb1 Kg8 54. Qh6 Kf7 55. Qe3 R8a6 56. Rf1 Kg8 57. Qh6 Kf7 58. Qe3 Ra8 59. Bb6 Be7 60. Ba5 Ra6 61. Kf2 Ne8 62. Ke2 Kg7 63. Qd4 Bf8 64. Rc1 Kh7 65. Kd1 Bh6 66. Kc2 Bxd2 67. Qxd2 Bxe4+ 68. Kb2 Rxb1+ 69. Rxb1 Bxb1 70. Kxb1 Kg6 71. Qf4 Ng7 72. Bd8 Ne8 73. Qe4+ f5 74. Qf4 Nf7 75. Qe3 Ng7 76. Qe7 Nxd8 77. Qxd8 Kh7 78. Kc2 Ra2+ 79. Kb1 Rf2 80. Qxd6 f4 81. Qe5 f3 82. Qe4+ Kg8 83. d6 Rd2 84. Qa8+ Kf7 85. Qb7+ Kg8 86. Qa8+ Kf7 87. Qb7+ Kg6 88. Qe4+ Nf5 89. Qe6+ Kg7 90. Qxf5 Rxd6 91. Qg5+ Kf7 92. Qxh5+ Ke7 93. Qxg4 Rf6 94. Kc2 f2 95. Qe2+ Kf7 96. Qf1 Kg6 97. Kd2 Kh5 98. Ke2 1-0

[Event "Qatar Masters-B 2024"]
[Site "Doha"]
[Date "2024.12.10"]
[Round "7.3"]
[White "Khalil, Manar"]
[Black "Syed Abdul Khader"]
[Result "0-1"]
[ECO "C49"]
[WhiteElo "1900"]
[BlackElo "1943"]
[Annotator "NA RC"]
[PlyCount "110"]
[EventDate "2024.11.24"]
[EventType "swiss"]
[EventCountry "QAT"]
[SourceTitle "playchess.com"]
[Source "ChessBase"]
[SourceQuality "1"]
[TimeControl "40/5400+30:1800+30"]

1. e4 e5 2. Nf3 Nc6 3. Nc3 Nf6 4. Bb5 Bb4 5. O-O O-O 6. d3 d6 7. h3 Bxc3 8. bxc3 Ne7 9. Re1 c6 10. Ba4 a5 11. c4 Bd7 12. Rb1 Rb8 13. c3 b5 14. cxb5 cxb5 15. Bc2 Ng6 16. d4 Be6 17. Bd3 Qc7 18. Bd2 Bc4 19. Qe2 Bxd3 20. Qxd3 Qc4 21. Qe2 Rfe8 22. d5 Rec8 23. g3 Qa4 24. Qe3 Rc4 25. Qa7 Rf8 26. Qa6 Nxe4 27. Rxb5 Qc2 28. Be3 Rxc3 29. Qb6 f5 30. Rb2 Qd3 31. Ng5 Nxg5 32. Bxg5 Qxd5 33. Rd2 Qf7 34. Qxa5 Rc6 35. Qb5 Rfc8 36. Red1 h6 37. Bd8 Rc5 38. Qb6 d5 39. Qb4 Rc4 40. Qa5 d4 41. a4 Qd7 42. Qa6 R4c6 43. Bb6 f4 44. Kh2 fxg3+ 45. fxg3 e4 46. Qb5 e3 47. Re2 Qf7 48. Bxd4 Rd6 49. Qb2 Ne5 50. Qb4 Nf3+ 51. Kg2 Qd5 52. Qb5 Nxd4+ 53. Qxd5+ Rxd5 54. Rxe3 Rc2+ 55. Kf1 Rf5+ 0-1

[Event "Qatar Masters-B 2024"]
[Site "Doha"]
[Date "2024.12.10"]
[Round "7.4"]
[White "Aryan Mehta"]
[Black "Akhmediyar, Yernur"]
[Result "1/2-1/2"]
[ECO "E12"]
[WhiteElo "1762"]
[BlackElo "1898"]
[Annotator "NA RC"]
[PlyCount "77"]
[EventDate "2024.11.24"]
[EventType "swiss"]
[EventCountry "QAT"]
[SourceTitle "playchess.com"]
[Source "ChessBase"]
[SourceQuality "1"]
[TimeControl "40/5400+30:1800+30"]

1. d4 Nf6 2. c4 e6 3. Nc3 Bb4 4. Nf3 b6 5. Bg5 Bb7 6. e3 Qe7 7. Bd3 Bxc3+ 8. bxc3 d6 9. Bxf6 Qxf6 10. Qc2 Nd7 11. Be4 Bxe4 12. Qxe4 O-O 13. O-O Qe7 14. Qd3 e5 15. Nd2 Rae8 16. e4 Qg5 17. g3 Qg6 18. f4 exf4 19. Rxf4 Re6 20. Raf1 Rfe8 21. R1f2 Rf6 22. Kf1 Qh5 23. Qf3 Qxf3 24. R2xf3 a5 25. a4 Ree6 26. Ke2 Kf8 27. Kd3 Ke7 28. Nf1 Rxf4 29. gxf4 Rg6 30. Rg3 Nf6 31. Rxg6 hxg6 32. h3 Nh5 33. Ke3 Kf6 34. h4 Ke6 35. Kf3 Nf6 36. Ne3 c6 37. Nf1 Ne8 38. Nd2 Nc7 39. Nb3 1/2-1/2

[Event "Qatar Masters-B 2024"]
[Site "Doha"]
[Date "2024.12.10"]
[Round "7.5"]
[White "Wazwaz, Amjad"]
[Black "Zozek Salah Mohammed"]
[Result "0-1"]
[ECO "B23"]
[WhiteElo "1956"]
[BlackElo "2206"]
[Annotator "RC"]
[PlyCount "78"]
[EventDate "2024.11.24"]
[EventType "swiss"]
[EventCountry "QAT"]
[SourceTitle "playchess.com"]
[Source "ChessBase"]
[SourceQuality "1"]
[TimeControl "40/5400+30:1800+30"]

1. e4 c5 2. Nc3 d6 3. f4 Nc6 4. Bb5 Bd7 5. Nf3 a6 6. Bxc6 Bxc6 7. d3 b5 8. O-O g6 9. e5 Bg7 10. Ne4 Nh6 11. Qe1 O-O 12. h3 Nf5 13. g4 Bxe4 14. dxe4 Nd4 15. Nxd4 cxd4 16. exd6 Qxd6 17. Bd2 Rac8 18. Rf2 Rxc2 19. Bb4 Qc7 20. e5 Rxf2 21. Qxf2 Rd8 22. Qd2 Qb7 23. Qd3 Bf8 24. Rf1 Qd5 25. b3 e6 26. Bxf8 Rxf8 27. Rc1 a5 28. a3 Rd8 29. Kh2 a4 30. bxa4 bxa4 31. Kg3 Rb8 32. Qd2 Rb3+ 33. Kh4 Qf3 34. Qh2 Rxa3 35. Kg5 Kg7 36. Rc7 Qd5 37. f5 exf5 38. gxf5 h6+ 39. Kg4 Qe4+ 0-1

[Event "Qatar Masters-B 2024"]
[Site "Doha"]
[Date "2024.12.10"]
[Round "7.6"]
[White "Mendoza, Ryan"]
[Black "Boulrens, Ala Eddine"]
[Result "0-1"]
[ECO "D75"]
[WhiteElo "1941"]
[BlackElo "2144"]
[Annotator "NA RC"]
[PlyCount "160"]
[EventDate "2024.11.24"]
[EventType "swiss"]
[EventCountry "QAT"]
[SourceTitle "playchess.com"]
[Source "ChessBase"]
[SourceQuality "1"]
[TimeControl "40/5400+30:1800+30"]

1. Nf3 g6 2. g3 Bg7 3. c4 e5 4. Nc3 c6 5. Bg2 Ne7 6. d4 exd4 7. Nxd4 O-O 8. O-O d5 9. cxd5 Nxd5 10. Nxd5 cxd5 11. Be3 Nc6 12. Nxc6 bxc6 13. Bd4 Re8 14. Bxg7 Kxg7 15. e3 Qb6 16. b3 Be6 17. Qd2 Rac8 18. Rfc1 Red8 19. Qd4+ Qxd4 20. exd4 Kf8 21. Rc5 Ke7 22. Rac1 Kd6 23. b4 Bd7 24. a3 Re8 25. Kf1 Rb8 26. Ra5 Rb7 27. Rc3 Bc8 28. Rac5 Bd7 29. Re3 Ra8 30. Ra5 Rb6 31. Ke1 Rb5 32. Ra4 a5 33. Kd2 Rbb8 34. Rxa5 Rxa5 35. bxa5 Ra8 36. Rb3 Rxa5 37. Bf1 Ra4 38. Ke3 g5 39. Bd3 h6 40. Rc3 Bg4 41. Bc2 Ra7 42. Kd2 Bc8 43. a4 Ba6 44. h4 Bc4 45. hxg5 hxg5 46. Rf3 Ke6 47. Ra3 Kd6 48. Bd3 Bxd3 49. Kxd3 Ra5 50. g4 c5 51. dxc5+ Kxc5 52. Ra1 f6 53. f3 Kc6 54. Kd4 Kd6 55. Ra2 Kc6 56. Kd3 Kd6 57. Kc3 Kc5 58. Ra1 d4+ 59. Kb3 Kd5 60. Kb4 Ra8 61. a5 Rb8+ 62. Ka4 d3 63. a6 Kd4 64. a7 Ra8 65. Kb3 d2 66. Kc2 Ke3 67. Kd1 Kxf3 68. Ra4 f5 69. gxf5 g4 70. Kxd2 g3 71. f6 g2 72. Ra1 Rxa7 73. Rxa7 g1=Q 74. f7 Qd4+ 75. Ke1 Qb4+ 76. Kd1 Ke3 77. Kc2 Qc5+ 78. Kb1 Kd3 79. Rd7+ Kc3 80. Kc1 Qg1+ 0-1

[Event "Qatar Masters-B 2024"]
[Site "Doha"]
[Date "2024.12.10"]
[Round "7.7"]
[White "Araoune, Saadi"]
[Black "Abdulrahim, Salem"]
[Result "1-0"]
[ECO "D38"]
[WhiteElo "2085"]
[BlackElo "1858"]
[Annotator "NA RC"]
[PlyCount "113"]
[EventDate "2024.11.24"]
[EventType "swiss"]
[EventCountry "QAT"]
[SourceTitle "playchess.com"]
[Source "ChessBase"]
[SourceQuality "1"]
[TimeControl "40/5400+30:1800+30"]

1. d4 d5 2. c4 e6 3. Nc3 Nf6 4. Nf3 Bb4 5. cxd5 exd5 6. Bg5 h6 7. Bh4 g5 8. Bg3 Ne4 9. Nd2 Nxc3 10. bxc3 Bxc3 11. Rc1 Ba5 12. e3 Bf5 13. Be2 Nc6 14. O-O Bxd2 15. Qxd2 h5 16. f3 h4 17. Bf2 Qd6 18. e4 dxe4 19. Qxg5 Qg6 20. Qxg6 Bxg6 21. d5 Ne7 22. Rxc7 Nxd5 23. Bb5+ Kf8 24. Bc5+ Kg8 25. Rxb7 e3 26. Bd4 Rh5 27. Re1 Rg5 28. Bxe3 Nxe3 29. Rxe3 a6 30. Bc4 Rc5 31. Bb3 Rd8 32. h3 Rd2 33. Rbe7 Rc1+ 34. Re1 Rxe1+ 35. Rxe1 Bc2 36. Bc4 Bd3 37. Re8+ Kg7 38. Rd8 Rd1+ 39. Kh2 Be2 40. Rxd1 Bxd1 41. Bxa6 Ba4 42. g3 hxg3+ 43. Kxg3 Kg6 44. Bc4 f6 45. Be6 Bb5 46. Bb3 Kg5 47. a4 Bc6 48. a5 Bb5 49. Bd5 Ba6 50. Be4 f5 51. f4+ Kf6 52. Bf3 Ke6 53. Kf2 Kd6 54. h4 Bc4 55. h5 Kc5 56. h6 Bg8 57. a6 1-0

[Event "Qatar Masters-B 2024"]
[Site "Doha"]
[Date "2024.12.10"]
[Round "7.8"]
[White "Achour, Mohamed Anis"]
[Black "Maraimov, Khudoyor"]
[Result "1-0"]
[ECO "A44"]
[WhiteElo "2051"]
[BlackElo "1832"]
[Annotator "NA RC"]
[PlyCount "107"]
[EventDate "2024.11.24"]
[EventType "swiss"]
[EventCountry "QAT"]
[SourceTitle "playchess.com"]
[Source "ChessBase"]
[SourceQuality "1"]
[TimeControl "40/5400+30:1800+30"]

1. d4 c5 2. d5 e5 3. c4 d6 4. Nc3 g6 5. e4 Bg7 6. Nge2 Ne7 7. Ng3 O-O 8. Bd3 f5 9. exf5 Nxf5 10. Nge4 Nd7 11. O-O Nf6 12. Nxf6+ Bxf6 13. Ne4 a6 14. a3 b6 15. b4 Ra7 16. bxc5 bxc5 17. Rb1 Raf7 18. Rb8 Qd7 19. Nxf6+ Rxf6 20. Bg5 R6f7 21. Qd2 Nd4 22. Bh6 Re8 23. f3 Qa4 24. Qb2 Bf5 25. Bxf5 Nxf5 26. Rxe8+ Qxe8 27. Bg5 Kg7 28. Re1 h6 29. Bd2 Qa4 30. f4 Nd4 31. fxe5 dxe5 32. Qb8 Qxc4 33. Qxe5+ Kh7 34. d6 Nc6 35. Qe3 Qd4 36. Qxd4 cxd4 37. Rc1 Ne5 38. Rc5 Nd3 39. Rc7 Ne5 40. Rxf7+ Nxf7 41. d7 Kg7 42. Ba5 d3 43. Kf2 d2 44. Ke2 d1=Q+ 45. Kxd1 Kf6 46. d8=Q+ Nxd8 47. Bxd8+ Kf5 48. Ke2 Ke4 49. Bb6 g5 50. Be3 Kf5 51. Kf3 g4+ 52. Kg3 h5 53. Kh4 Kg6 54. Bd2 1-0

[Event "Qatar Masters-B 2024"]
[Site "Doha"]
[Date "2024.12.10"]
[Round "7.9"]
[White "Adeimi, Michel"]
[Black "Balanandan Ayyappan"]
[Result "1/2-1/2"]
[ECO "B07"]
[WhiteElo "2004"]
[BlackElo "1779"]
[Annotator "NA RC"]
[PlyCount "88"]
[EventDate "2024.11.24"]
[EventType "swiss"]
[EventCountry "QAT"]
[SourceTitle "playchess.com"]
[Source "ChessBase"]
[SourceQuality "1"]
[TimeControl "40/5400+30:1800+30"]

1. e4 d6 2. d4 Nf6 3. Nc3 g6 4. h4 h5 5. Nf3 Bg7 6. Ng5 c6 7. Be2 Qc7 8. Be3 Nbd7 9. Qd2 e5 10. dxe5 dxe5 11. f3 b5 12. Bxb5 O-O 13. Bc4 Nb6 14. Bb3 Ba6 15. Qf2 Nc4 16. Bc5 Qa5 17. Bxf8 Bxf8 18. Bxc4 Bxc4 19. Rd1 Rb8 20. Qd2 Rxb2 21. Kf2 Bb4 22. Qd8+ Qxd8 23. Rxd8+ Kg7 24. Nd1 Rxc2+ 25. Kg3 Bxa2 26. Nf2 Bc4 27. Rhd1 Bc5 28. R1d2 Rxd2 29. Rxd2 Bd4 30. f4 Be3 31. Rd6 Bxf4+ 32. Kf3 Bb5 33. Nd3 Bxd3 34. Rxd3 Bxg5 35. hxg5 Nh7 36. Rc3 Nxg5+ 37. Ke3 h4 38. Rxc6 h3 39. gxh3 Nxh3 40. Ra6 f5 41. Rxa7+ Kf6 42. Ra6+ Kf7 43. Ra7+ Kf6 44. Ra6+ Kf7 1/2-1/2

[Event "Qatar Masters-B 2024"]
[Site "Doha"]
[Date "2024.12.10"]
[Round "7.10"]
[White "Amulya Guruprasad"]
[Black "Gyana Sai Santhosh M"]
[Result "0-1"]
[ECO "C83"]
[WhiteElo "1718"]
[BlackElo "2090"]
[Annotator "NA RC"]
[PlyCount "86"]
[EventDate "2024.11.24"]
[EventType "swiss"]
[EventCountry "QAT"]
[SourceTitle "playchess.com"]
[Source "ChessBase"]
[SourceQuality "1"]
[TimeControl "40/5400+30:1800+30"]

1. e4 e5 2. Nf3 Nc6 3. Bb5 a6 4. Ba4 Nf6 5. O-O Nxe4 6. d4 Be7 7. Re1 b5 8. Bb3 d5 9. dxe5 Be6 10. c3 O-O 11. Nbd2 Nc5 12. Nd4 Nxd4 13. cxd4 Nd3 14. Re3 Nxc1 15. Rxc1 a5 16. f4 c5 17. Bc2 cxd4 18. Rg3 f5 19. exf6 Rxf6 20. Qh5 h6 21. Re1 Bf7 22. Qg4 Bf8 23. Nf3 Qc8 24. Qh4 Re6 25. Bh7+ Kh8 26. Rd1 Kxh7 27. Ng5+ Kg8 28. Nxe6 Qxe6 29. f5 Qxf5 30. Qxh6 Re8 31. Rf1 Qe6 32. Qh4 Qe4 33. Qf6 Re7 34. Qg5 Re5 35. Qf6 Re7 36. Qg5 Be6 37. Rf4 Qe1+ 38. Rf1 Qe4 39. Rf4 Qc2 40. Qf6 Rf7 41. Qxe6 Qc1+ 42. Kf2 Qxf4+ 43. Ke2 Qe4+ 0-1

[Event "Qatar Masters-B 2024"]
[Site "Doha"]
[Date "2024.12.10"]
[Round "7.11"]
[White "Albadri Sattar"]
[Black "Demirkol, Kerim Calvelo"]
[Result "1-0"]
[ECO "E92"]
[WhiteElo "2139"]
[BlackElo "1859"]
[Annotator "NA RC"]
[PlyCount "89"]
[EventDate "2024.11.24"]
[EventType "swiss"]
[EventCountry "QAT"]
[SourceTitle "playchess.com"]
[Source "ChessBase"]
[SourceQuality "1"]
[TimeControl "40/5400+30:1800+30"]

1. d4 Nf6 2. c4 g6 3. Nc3 Bg7 4. e4 d6 5. Nf3 O-O 6. Be2 e5 7. dxe5 dxe5 8. Qxd8 Rxd8 9. Bg5 Re8 10. Nd5 Nxd5 11. cxd5 c6 12. Bc4 cxd5 13. Bxd5 Nc6 14. O-O-O Bg4 15. Kb1 Nd4 16. Rd3 Bxf3 17. gxf3 h6 18. Be3 Re7 19. f4 Nc6 20. a3 Rd8 21. Rhd1 Kh7 22. h4 Bf6 23. h5 gxh5 24. f5 Red7 25. Rh1 h4 26. f4 exf4 27. Bxf4 Ne7 28. Rhd1 Nxd5 29. Rxd5 Rxd5 30. exd5 Rd7 31. d6 Bg5 32. Be5 f6 33. Bh2 Kg7 34. Re1 Kf8 35. Kc2 Rd8 36. Kd3 Rd7 37. Kd4 Kf7 38. Kd5 Kf8 39. Re2 Rd8 40. Rc2 Be3 41. Ke6 Bb6 42. d7 Kg7 43. Bc7 Bxc7 44. Rxc7 h3 45. Rc3 1-0

[Event "Qatar Masters-B 2024"]
[Site "Doha"]
[Date "2024.12.10"]
[Round "7.12"]
[White "Albin Sajan"]
[Black "Abel Sajan"]
[Result "1/2-1/2"]
[ECO "A30"]
[WhiteElo "1804"]
[BlackElo "2053"]
[Annotator "NA RC"]
[PlyCount "60"]
[EventDate "2024.11.24"]
[EventType "swiss"]
[EventCountry "QAT"]
[SourceTitle "playchess.com"]
[Source "ChessBase"]
[SourceQuality "1"]
[TimeControl "40/5400+30:1800+30"]

1. Nf3 Nf6 2. b3 g6 3. Bb2 Bg7 4. g3 b6 5. Bg2 Bb7 6. O-O O-O 7. c4 c5 8. d4 cxd4 9. Qxd4 d6 10. Rd1 Na6 11. Qh4 h6 12. Na3 Nc5 13. Rac1 Rb8 14. Bxf6 Bxf6 15. Qxh6 Bxf3 16. Bxf3 Bb2 17. Nb5 Bxc1 18. Rxc1 Qd7 19. Nd4 Rfc8 20. h4 e5 21. h5 Qh3 22. Qg5 Ne6 23. Nxe6 Qxe6 24. Bd5 Qf5 25. Qxg6+ Qxg6 26. hxg6 b5 27. gxf7+ Kg7 28. e4 bxc4 29. Rxc4 Rxc4 30. Bxc4 Kf6 1/2-1/2

[Event "Qatar Masters-B 2024"]
[Site "Doha"]
[Date "2024.12.10"]
[Round "7.13"]
[White "Elarcosa, Rommel T."]
[Black "Khalifa Essa, Albalooshi"]
[Result "1-0"]
[ECO "D04"]
[WhiteElo "1645"]
[BlackElo "2050"]
[Annotator "NA RC"]
[PlyCount "85"]
[EventDate "2024.11.24"]
[EventType "swiss"]
[EventCountry "QAT"]
[SourceTitle "playchess.com"]
[Source "ChessBase"]
[SourceQuality "1"]
[TimeControl "40/5400+30:1800+30"]

1. d4 Nf6 2. Nf3 d5 3. e3 c5 4. dxc5 Qa5+ 5. Nbd2 Qxc5 6. Nb3 Qc7 7. Bb5+ Nc6 8. h3 e5 9. O-O Be7 10. c4 dxc4 11. Bxc4 O-O 12. Qe2 e4 13. Nfd4 Ne5 14. Nd2 a6 15. a3 b5 16. Ba2 Bb7 17. f3 Nh5 18. Nxe4 Bxe4 19. fxe4 Ng3 20. Qd1 Nxf1 21. Qxf1 Rac8 22. Bd2 Bf6 23. Bc3 Rfe8 24. Bd5 Nc4 25. Qf2 Nb6 26. Bb3 Rxe4 27. Bc2 Re5 28. Nf3 Rc5 29. Rd1 Bxc3 30. bxc3 Rxc3 31. Nd4 g6 32. Bb3 Nc4 33. Rf1 Qe7 34. e4 Rd8 35. Nc6 Qc7 36. Nxd8 Rxb3 37. Nxf7 Qe7 38. Qd4 Qxf7 39. Rxf7 Kxf7 40. a4 Rb4 41. axb5 axb5 42. Qd7+ Kf8 43. Qxh7 1-0